 Dungeon Crawl Stone Soup version 0.23.1-37-gaa34b87 (webtiles) character file.

Game seed: 10522988632043069582

1694 wilfster70 the Cleaver (level 9, -12/79 HPs)
             Began as a Hill Orc Fighter on Mar 20, 2019.
             Was a Believer of Beogh.
             Splashed by Ijyb's acid (14 damage)
             ... on level 5 of the Dungeon.
             The game lasted 00:11:53 (5585 turns).

wilfster70 the Cleaver (Hill Orc Fighter)           Turns: 5585, Time: 00:11:54

Health: -12/79     AC:  5    Str: 22    XL:     9   Next: 2%
Magic:  12/12      EV:  6    Int:  8    God:    Beogh [**....]
Gold:   235        SH: 11    Dex: 10    Spells: 8/8 levels left

rFire    . . .     SeeInvis .   a - +1 war axe (chop)
rCold    . . .     Gourm    .   c - +0 shield
rNeg     . . .     Faith    .   h - +0 chain mail
rPois    .         Spirit   .   k - +2 helmet
rElec    .         Reflect  .   r - +0 cloak
rCorr    .         Harm     .   (no gloves)
MR       .....                  (no boots)
Stlth    ..........             (no amulet)
HPRegen  0.23/turn              (no ring)
MPRegen  0.13/turn              (no ring)

@: corroded
A: no striking features
a: Smiting, Renounce Religion


You were on level 5 of the Dungeon.
You worshipped Beogh.
Beogh was pleased with you.
You were hungry.

You visited 1 branch of the dungeon, and saw 5 of its levels.

You collected 235 gold pieces.

Inventory:

Hand Weapons
 a - a +1 war axe of chopping (weapon)
 v - a +0 morningstar
Armour
 c - a +0 shield (worn)
 h - a +0 chain mail (worn)
 k - a +2 helmet (worn)
 r - a +0 cloak (worn)
Jewellery
 w - an uncursed amulet of the acrobat {unknown}
Wands
 g - a wand of acid (7)
 n - a wand of digging (5)
 u - a wand of flame (22)
Scrolls
 b - a scroll of immolation {unknown}
 e - 2 scrolls of fear
 i - 2 scrolls of remove curse
 j - 6 scrolls of identify
 m - a scroll of enchant weapon {unknown}
 o - a scroll of teleportation
 q - a scroll of blinking {unknown}
Potions
 d - a potion of might
 l - 2 potions of lignification
 p - a potion of flight
 s - a potion of haste {unknown}
Comestibles
 f - 5 rations
 t - 4 chunks of flesh


   Skills:
 + Level 7.2 Fighting
 * Level 9.0 Axes
 - Level 3.2 Armour
 + Level 7.5 Shields
 + Level 5.0 Invocations


You had 8 spell levels left.
You didn't know any spells.
Your spell library contained the following spells:

 Spells                   Type           Power        Failure   Level  Hunger
 Beastly Appendage        Tmut           #.....       100%        1    ##.....
 Sticks to Snakes         Tmut           #.......     100%        2    ###....
 Spider Form              Tmut/Pois      #.........   100%        3    ####...
 Ice Form                 Ice/Tmut       #.......     100%        4    #####..
 Blade Hands              Tmut           #.........   100%        5    ######.


Dungeon Overview and Level Annotations

Branches:
Dungeon (5/15)
 Temple: D:4-7

Altars:
Vehumet

Annotations:
D:5 Ijyb


Message History

The ooze quivers.
Found a scroll labeled TAAFRO PUUCSO.
The ooze hits you but does no damage.
You slice the ooze!!
You kill the ooze!
Beogh accepts your kill.
Ijyb the Twisted Goblin comes into view.
She is wielding a +0 dagger and carrying a wand of acid (12).
Ijyb shouts!
Ijyb zaps a wand.
The bolt of acid hits you!!
You are splashed with acid!
You hit Ijyb but do no damage.
You are feeling hungry.
Ijyb zaps a wand.
The bolt of acid hits you!! The acid corrodes you!
You are splashed with acid!
* * * LOW HITPOINT WARNING * * *
You slash Ijyb!
Ijyb is severely wounded.
You block Ijyb's attack.
Ijyb zaps a wand.
The bolt of acid hits you!
* * * LOW HITPOINT WARNING * * *
The acid corrodes you!
You are splashed with acid!
You die...

#...#.........
#...≈.≈.
#.##≈....(....
#.§§.≈..
###.≈≈.....$..
#..≈≈.≈.
#≈.#..$.[...
#.......
#≈≈#.#######
#.......
#≈≈#.#
####§§##
#≈≈#.# #.....
#≈.#.# ##'##..
#≈.#@#
##...##. #g#
##.....## #.#
##.#...#.# #.#
##.8.8.8.8.
...
#..........
.##
+.....).... #
#..........
##.8.8.8.8.
##.#...#.#


You could see Ijyb.

Vanquished Creatures
  Pikel (D:4)
  Grinder (D:5)
  Menkaure (D:4)
  An ogre (D:5)
  Blork the orc (D:5)
  2 scorpions (D:4)
  A howler monkey (D:4)
  A crimson imp (D:5)
  A hound (D:4)
  An orc priest (D:4)
  Crazy Yiuf (D:4)
  A centaur skeleton (D:4)
  A bullfrog skeleton (D:5)
  2 worker ants (D:4)
  An iguana (D:5)
  5 orc wizards (D:4)
  2 hound skeletons (D:4)
  A howler monkey zombie (D:3)
  9 adders
  6 gnolls
  An ooze (D:5)
  An adder skeleton (D:4)
  3 worms
  A dart slug (D:2)
  2 leopard geckos
  9 orcs (D:4)
  10 bats
  5 giant cockroaches
  9 goblins
  2 hobgoblins
  8 jackals
  3 kobolds
  2 quokkas
  4 ball pythons
  4 frilled lizards
  7 rats
  A fungus (D:4)
112 creatures vanquished.

Vanquished Creatures (others)
  An orc (D:3)
1 creature vanquished.

Grand Total: 113 creatures vanquished

Notes
Turn   | Place    | Note
-------+----------+-------------------------------------------
     0 | D:1      | wilfster70 the Hill Orc Fighter began the quest for the
                  | Orb.
     0 | D:1      | Reached XP level 1. HP: 19/19 MP: 1/1
   435 | D:1      | Reached XP level 2. HP: 26/27 MP: 2/2
   523 | D:1      | Reached skill level 3 in Axes
  1194 | D:2      | Reached XP level 3. HP: 33/33 MP: 3/3
  2084 | D:3      | Reached XP level 4. HP: 25/40 MP: 4/4
  2307 | D:3      | Noticed an orc warrior
  2309 | D:3      | Became a worshipper of Beogh the Brigand
  2784 | D:3      | Reached skill level 4 in Axes
  2908 | D:4      | Reached skill level 5 in Shields
  2908 | D:4      | Reached XP level 5. HP: 47/47 MP: 5/5
  3019 | D:4      | Reached skill level 5 in Fighting
  3019 | D:4      | Reached XP level 6. HP: 7/56 MP: 6/6
  3022 | D:4      | HP: 4/84 [poisoned by a scorpion]
  3455 | D:4      | Reached * piety under Beogh
  3558 | D:4      | Reached skill level 5 in Axes
  3895 | D:4      | Reached skill level 1 in Invocations
  3895 | D:4      | Reached XP level 7. HP: 38/61 MP: 7/7
  4147 | D:4      | Reached skill level 6 in Axes
  4162 | D:4      | Found a radiant altar of Vehumet.
  4249 | D:4      | Found a runed translucent door.
  4250 | D:4      | Noticed Crazy Yiuf
  4272 | D:4      | Killed Crazy Yiuf
  4758 | D:4      | Noticed Menkaure
  4770 | D:4      | Killed Menkaure
  4789 | D:4      | Noticed Pikel
  4803 | D:4      | Killed Pikel
  4803 | D:4      | Reached skill level 7 in Axes
  4803 | D:4      | Reached XP level 8. HP: 16/71 MP: 9/11
  5123 | D:5      | Entered Level 5 of the Dungeon
  5156 | D:5      | Reached skill level 8 in Axes
  5198 | D:5      | Noticed Grinder
  5217 | D:5      | Killed Grinder
  5378 | D:5      | Noticed Blork the orc
  5387 | D:5      | Killed Blork the orc
  5441 | D:5      | Reached XP level 9. HP: 78/79 MP: 12/12
  5494 | D:5      | Reached skill level 5 in Invocations
  5547 | D:5      | Reached ** piety under Beogh
  5566 | D:5      | Reached skill level 9 in Axes
  5580 | D:5      | Noticed Ijyb
  5585 | D:5      | HP: 2/79 [Ijyb/wand of acid (10) (9)]
  5585 | D:5      | Splashed by Ijyb's acid

Skill      XL: |  1  2  3  4  5  6  7  8  9 |
---------------+----------------------------+-----
Axes           | 3 4 5 7 8 9 |  9.0
Fighting       | 4 5 6 7 |  7.2
Shields        | 4 5 6 7 |  7.5
Invocations    | 1 4 5 |  5.0
Armour         | |  3.2

Action                   |  1- 3 |  4- 6 |  7- 9 || total
-------------------------+-------+-------+-------++-------
Melee: War axe           |    26 |   231 |   133 ||   390
       Hand axe          |   133 |       |       ||   133
Invok: Convert to Beogh  |       |     1 |       ||     1
  Use: Scroll            |     6 |     1 |       ||     7
       Potion            |       |     2 |     1 ||     3
 Stab: Distracted        |       |     1 |       ||     1
       Invisible         |       |       |     1 ||     1
  Eat: Chunk             |     4 |     6 |     2 ||    12
       Ration            |       |       |     1 ||     1
Armor: Scale mail        |    85 |       |       ||    85
       Chain mail        |       |   183 |    59 ||   242
Dodge: Dodged            |    54 |    54 |    22 ||   130
Block: Shield            |   102 |   142 |    56 ||   300
